Devils vs Lightning (R1)

Created - 12 décembre 2023 at 21:50

Goals
1 2 3 T
Devils 1 1 2 4
Lightning 0 1 1 2
Shots
1 2 3 T
Devils 8 10 16 34
Lightning 11 13 7 31

GoalsPenalties
1st period
1. Devils , Roope Hintz 21 (Tyler Seguin 15, Filip Chytil 11) at 19:07 (PP)
Connor Carrick (TAM) for Tripping (Minor) at 18:51
2nd period
2. Lightning , Tyler Motte 17 (Ben Harpur 9) at 4:35 (SH)
3. Devils , Roope Hintz 22 (Gustav Forsling 12, Tyler Seguin 16) at 16:37
Derick Brassard (TAM) for Elbowing (Minor) at 3:52
Radim Simek (TAM) for Tripping (Minor) at 6:48
Connor Carrick (TAM) for Hooking (Minor) at 10:16
Nicolas Aube-Kubel (TAM) for Boarding (Minor) at 17:20
3rd period
4. Devils , Torey Krug 1 (Jesper Bratt 13, Viktor Arvidsson 15) at 4:37 (PP)
5. Lightning , Jakob Silfverberg 20 (Vladislav Namestnikov 39, Nicolas Aube-Kubel 10) at 18:11
6. Devils , Eetu Luostarinen 7 (Erik Haula 17) at 19:22 (Empty Net)
Nicolas Aube-Kubel (TAM) for Roughing (Minor) at 4:19
Derick Brassard (TAM) for Hooking (Minor) at 8:22
Goalie Stats
Stuart Skinner (NJD), 29 saves from 31 shots - (0,935), W, 22-4-5, 60:00 minutes
Jack Campbell (TAM), 30 saves from 33 shots - (0,909), L, 19-14-6, 59:53 minutes
3 StarsOfficial
1 - Roope Hintz (NJD)
2 - Eetu Luostarinen (NJD)
3 - Stuart Skinner (NJD)
Referees : Edward Grudzinski and Mitch Dunning
Linesman : Michel Cormier and Bevan Mills
Game Note
Eetu Luostarinen has scored in a empty net!
Finance
Level 1 -- Attendance: 6000 (100%) -- Ticket Income $450,000
Level 2 -- Attendance: 4983 (100%) -- Ticket Income $234,201
Level 3 -- Attendance: 3409 (91%) -- Ticket Income $74,998
Level 4 -- Attendance: 4000 (100%) -- Ticket Income $60,000
Luxury Box -- Attendance: 1000 (100%) -- Ticket Income $175,000
Game was played at the St Pete Times Forum.
Total Attendance: 19392 (98%)
Total Ticket Income: $994,199
Other Income: $298,260
Total Income: $1,292,459



Team Name Goals Shots Shots Attemp Shots Blocked PIM HIT PP PK FO%
Devils 4347290212 / 7 (29%)059%
Lightning 231641814230 / 0 (0%241%

Devils
Player Name POS G A P +/- PIM HIT SHT SB MP PP MP PP SHT PK MP PK SHT FO% FOT GA TA
Eetu LuostarinenC/LW1010011014:530:0000:0000% 101
Erik HaulaC/LW0110031014:290:0000:00071% 1410
Filip ChytilC/LW0110010118:504:5900:00050% 200
Gustav ForslingD0111014020:425:3310:0000% 000
Henri JokiharjuD0001040015:140:0000:0000% 000
Isac LundestromC/LW000000108:530:0000:0000% 001
Jesper BrattLW/RW011-1003119:455:3000:000100% 110
Johnathan KovacevicD000-1000116:150:0000:0000% 001
Logan CoutureC0000044017:595:3020:00057% 2300
Morgan FrostC000001408:420:0000:00057% 710
Peyton KrebsC/LW000000000:000:0000:0000% 000
Roope HintzC2020013018:504:5910:00045% 2000
Ryan PulockD0001012220:432:3100:0000% 001
Teuvo TeravainenLW/RW0001025020:250:0000:000100% 200
Torey KrugD101-2011220:434:5610:0000% 010
Tyler SeguinC/RW0220002018:544:5900:000100% 300
Victor HedmanD0000011126:237:5810:0000% 000
Viktor ArvidssonLW/RW0110002118:205:3000:000100% 121
Lightning
Player Name POS G A P +/- PIM HIT SHT SB MP PP MP PP SHT PK MP PK SHT FO% FOT GA TA
Alex GoligoskiD000-1002230:340:0005:2700% 011
Andrej SustrD0001000110:290:0000:5600% 000
Ben HarpurD0110012119:530:0005:0210% 001
Connor CarrickD0001400012:060:0000:0000% 000
Darren HelmC/LW/RW000001106:540:0000:0000% 001
Derek GrantC/LW000002507:460:0000:30060% 500
Derick BrassardC/LW000-1402014:510:0001:31045% 1110
Garrett PilonC0000011110:340:0000:00014% 700
Jakob SilfverbergLW/RW1010033124:360:0005:550100% 311
Liam FoudyC/LW0000010010:340:0000:000100% 110
Michael MerschRW000001006:540:0000:0000% 010
Nicolas Aube-KubelRW0110441218:000:0000:0000% 100
Patric HornqvistRW000-1012012:520:0000:0000% 000
Radim SimekD0000202318:560:0004:0610% 000
Robert HaggD000-1002528:380:0005:2700% 001
Stefan NoesenLW/RW0001051013:520:0002:530100% 100
Tyler MotteLW/RW1010034017:280:0004:1310% 100
Vladislav NamestnikovC/LW/RW0110003224:270:0005:56036% 4401

Devils

5 vs 5 Forward
Line #Left WingCenterRight WingPHYDFOFWanted %Time %Time Play
1Teuvo TeravainenLogan CoutureViktor Arvidsson0232824%11:41
2Filip ChytilRoope HintzTyler Seguin0232830%14:39
3Eetu LuostarinenErik HaulaJesper Bratt0232829%14:13
4Isac LundestromMorgan FrostTeuvo Teravainen0231618%8:42
5 vs 5 Defense
Line #DefenseDefensePHYDFOFWanted %Time %Time Play
1Victor HedmanRyan Pulock0323635%17:25
2Gustav ForslingHenri Jokiharju0323232%15:39
3Torey KrugJohnathan Kovacevic0323232%15:47
4Victor HedmanRyan Pulock03201%0:24
Power Play Forward
Line #Left WingCenterRight WingPHYDFOFWanted %Time %Time Play
1Filip ChytilRoope HintzTyler Seguin0055048%4:59
2Jesper BrattLogan CoutureViktor Arvidsson0055052%5:30
Power Play Defense
Line #DefenseDefensePHYDFOFWanted %Time %Time Play
1Torey KrugVictor Hedman0055047%4:56
2Gustav ForslingVictor Hedman0055053%5:33
Penalty Kill 4 Players Forward
Line #CenterWingPHYDFOFWanted %Time %Time Play
1Logan CoutureErik Haula050500%0:00
2Roope HintzEetu Luostarinen005500%0:00
Penalty Kill 4 Players Defense
Line #DefenseDefensePHYDFOFWanted %Time %Time Play
1Victor HedmanRyan Pulock050500%0:00
2Gustav ForslingJohnathan Kovacevic050500%0:00
Penalty Kill 3 Players
Line #WingPHYDFOFWanted %Time %Time PlayDefenseDefensePHYDFOFWanted %Time %Time Play
1Erik Haula050500%0:00 Victor HedmanRyan Pulock050500%0:00
2Eetu Luostarinen050500%0:00 Gustav ForslingJohnathan Kovacevic050500%0:00
4 vs 4 Forward
Line #CenterWingPHYDFOFWanted %Time %Time Play
1Logan CoutureViktor Arvidsson023500%0:00
2Roope HintzTyler Seguin023500%0:00
4 vs 4 Defense
Line #DefensePHYDFOFWanted %Time %Time Play
1Victor HedmanRyan Pulock032500%0:00
2Gustav ForslingTorey Krug032500%0:00
Last Minutes Offensive
Left WingCenterRight WingDefenseDefense
Jesper BrattLogan CoutureViktor ArvidssonVictor HedmanTorey Krug
Last Minutes Defensive
Left WingCenterRight WingDefenseDefense
Eetu LuostarinenErik HaulaTeuvo TeravainenVictor HedmanRyan Pulock
Time
Total ForwardTotal DefenseLast Minutes OffensiveLast Minutes Defensive
60:00 60:00 0:000:16
Extra Forwards
Normal PowerPlayPenalty Kill
Tyler Seguin, Jesper Bratt, Viktor ArvidssonTeuvo Teravainen, Eetu LuostarinenIsac Lundestrom
Extra Defensemen
Normal PowerPlayPenalty Kill
Torey Krug, Henri Jokiharju, Victor HedmanRyan Pulock, Henri JokiharjuTorey Krug
Penalty Shots
Jesper Bratt, Roope Hintz, Logan Couture, Tyler Seguin, Viktor Arvidsson
Goalie
Stuart Skinner, Elvis Merzlikins
Scratches
None

Lightning

5 vs 5 Forward
Line #Left WingCenterRight WingPHYDFOFWanted %Time %Time Play
1Jakob SilfverbergVladislav NamestnikovNicolas Aube-Kubel1134037%18:08
2Tyler MotteDerick BrassardPatric Hornqvist1133027%13:17
3Liam FoudyGarrett PilonStefan Noesen1132022%10:34
4Darren HelmDerek GrantMichael Mersch1221014%6:54
5 vs 5 Defense
Line #DefenseDefensePHYDFOFWanted %Time %Time Play
1Alex GoligoskiRobert Hagg1134546%22:33
2Ben HarpurRadim Simek1133030%14:51
3Connor CarrickAndrej Sustr1222020%9:33
4Connor CarrickAlex Goligoski12254%1:56
Power Play Forward
Line #Left WingCenterRight WingPHYDFOFWanted %Time %Time Play
1Jakob SilfverbergVladislav NamestnikovNicolas Aube-Kubel005600%0:00
2Tyler MotteDerick BrassardPatric Hornqvist014400%0:00
Power Play Defense
Line #DefenseDefensePHYDFOFWanted %Time %Time Play
1Alex GoligoskiRobert Hagg014600%0:00
2Ben HarpurRadim Simek023400%0:00
Penalty Kill 4 Players Forward
Line #CenterWingPHYDFOFWanted %Time %Time Play
1Vladislav NamestnikovJakob Silfverberg1316070%7:20
2Derick BrassardTyler Motte1314030%3:09
Penalty Kill 4 Players Defense
Line #DefenseDefensePHYDFOFWanted %Time %Time Play
1Alex GoligoskiRobert Hagg1316052%5:27
2Ben HarpurRadim Simek1314048%5:02
Penalty Kill 3 Players
Line #WingPHYDFOFWanted %Time %Time PlayDefenseDefensePHYDFOFWanted %Time %Time Play
1Vladislav Namestnikov122600%0:00 Alex GoligoskiRobert Hagg122600%0:00
2Derick Brassard122400%0:00 Ben HarpurRadim Simek122400%0:00
4 vs 4 Forward
Line #CenterWingPHYDFOFWanted %Time %Time Play
1Vladislav NamestnikovJakob Silfverberg113600%0:00
2Derick BrassardTyler Motte113400%0:00
4 vs 4 Defense
Line #DefensePHYDFOFWanted %Time %Time Play
1Alex GoligoskiRobert Hagg122600%0:00
2Ben HarpurRadim Simek122400%0:00
Last Minutes Offensive
Left WingCenterRight WingDefenseDefense
Jakob SilfverbergVladislav NamestnikovNicolas Aube-KubelAlex GoligoskiRobert Hagg
Last Minutes Defensive
Left WingCenterRight WingDefenseDefense
Jakob SilfverbergVladislav NamestnikovNicolas Aube-KubelAlex GoligoskiRobert Hagg
Time
Total ForwardTotal DefenseLast Minutes OffensiveLast Minutes Defensive
60:00 60:00 0:380:00
Extra Forwards
Normal PowerPlayPenalty Kill
Stefan Noesen, Patric Hornqvist, Nicolas Aube-KubelStefan Noesen, Patric HornqvistStefan Noesen
Extra Defensemen
Normal PowerPlayPenalty Kill
Alex Goligoski, Andrej Sustr, Connor CarrickAlex Goligoski, Alex GoligoskiAndrej Sustr
Penalty Shots
Vladislav Namestnikov, Jakob Silfverberg, Derick Brassard, Tyler Motte, Stefan Noesen
Goalie
Jack Campbell, Sam Montembeault
Scratches
Benoit-Olivier Groulx (Healthy), Mike Reilly (Broken Left Thumb Injury)


Play-by-Play

1st period


0:01 of 1st period - Teuvo Teravainen wins face-off versus Vladislav Namestnikov in neutral zone.
1:07 of 1st period - Off-side.
1:08 of 1st period - Morgan Frost wins face-off versus Derek Grant in neutral zone.
1:33 of 1st period - Johnathan Kovacevic is hit by Derek Grant.
1:39 of 1st period - Snap shot by Derek Grant.
1:39 of 1st period - Stopped by Stuart Skinner without a rebound.
1:40 of 1st period - Vladislav Namestnikov wins face-off versus Roope Hintz in Devils zone.
2:17 of 1st period - Snap shot by Derick Brassard.
2:17 of 1st period - Stopped by Stuart Skinner with a rebound.
2:35 of 1st period - Wrist shot by Stefan Noesen.
2:35 of 1st period - Shot Misses the Net.
3:11 of 1st period - Robert Hagg is hit by Henri Jokiharju and loses puck.
4:36 of 1st period - Snap shot by Derek Grant.
4:36 of 1st period - Stopped by Stuart Skinner without a rebound.
4:37 of 1st period - Derek Grant wins face-off versus Logan Couture in Devils zone.
6:29 of 1st period - Wrist shot by Derek Grant.
6:29 of 1st period - Stopped by Stuart Skinner with a rebound.
6:31 of 1st period - Snap shot by Darren Helm.
6:31 of 1st period - Deflect By Erik Haula.
6:31 of 1st period - Stopped by Stuart Skinner without a rebound.
6:32 of 1st period - Jakob Silfverberg wins face-off versus Roope Hintz in Devils zone.
6:59 of 1st period - Ben Harpur is hit by Henri Jokiharju and loses puck.
7:06 of 1st period - Snap shot by Eetu Luostarinen.
7:06 of 1st period - Shot Misses the Net.
7:08 of 1st period - Wrist shot by Ryan Pulock.
7:08 of 1st period - Deflect By Eetu Luostarinen.
7:08 of 1st period - Shot Blocked by Radim Simek.
7:08 of 1st period - Puck is out of play.
7:09 of 1st period - Jakob Silfverberg wins face-off versus Logan Couture in Lightning zone.
7:19 of 1st period - Alex Goligoski is hit by Teuvo Teravainen and loses puck.
7:24 of 1st period - Wrist shot by Logan Couture.
7:24 of 1st period - Deflect By Viktor Arvidsson.
7:24 of 1st period - Shot Blocked by Nicolas Aube-Kubel.
7:24 of 1st period - Puck is out of play.
7:25 of 1st period - Derick Brassard wins face-off versus Roope Hintz in Lightning zone.
7:25 of 1st period - Derick Brassard is hit by Roope Hintz.
7:35 of 1st period - Snap shot by Tyler Motte.
7:35 of 1st period - Stopped by Stuart Skinner without a rebound.
7:36 of 1st period - Teuvo Teravainen wins face-off versus Vladislav Namestnikov in Devils zone.
7:41 of 1st period - Viktor Arvidsson is hit by Jakob Silfverberg and loses puck.
8:26 of 1st period - Snap shot by Tyler Seguin.
8:26 of 1st period - Shot Blocked by Ben Harpur.
8:51 of 1st period - Snap shot by Teuvo Teravainen.
8:51 of 1st period - Stopped by Jack Campbell with a rebound.
8:53 of 1st period - Slapshot by Logan Couture.
8:53 of 1st period - Stopped by Jack Campbell without a rebound.
8:54 of 1st period - Erik Haula wins face-off versus Vladislav Namestnikov in Lightning zone.
9:03 of 1st period - Snap shot by Erik Haula.
9:03 of 1st period - Shot Misses the Net.
9:05 of 1st period - Wrist shot by Erik Haula.
9:05 of 1st period - Stopped by Jack Campbell with a rebound.
9:07 of 1st period - Slapshot by Victor Hedman.
9:07 of 1st period - Shot Blocked by Vladislav Namestnikov.
9:09 of 1st period - Slapshot by Ryan Pulock.
9:09 of 1st period - Shot Blocked by Alex Goligoski.
9:42 of 1st period - Henri Jokiharju is hit by Stefan Noesen and loses puck.
10:03 of 1st period - Alex Goligoski is hit by Henri Jokiharju and loses puck.
11:14 of 1st period - Snap shot by Tyler Seguin.
11:14 of 1st period - Shot Misses the Net.
12:28 of 1st period - Teuvo Teravainen is hit by Stefan Noesen and loses puck.
13:05 of 1st period - Snap shot by Erik Haula.
13:05 of 1st period - Shot Misses the Net.
13:28 of 1st period - Jakob Silfverberg is hit by Torey Krug and loses puck.
14:12 of 1st period - Viktor Arvidsson is hit by Stefan Noesen and loses puck.
15:07 of 1st period - Snap shot by Tyler Motte.
15:07 of 1st period - Shot Misses the Net.
15:48 of 1st period - Slapshot by Stefan Noesen.
15:48 of 1st period - Stopped by Stuart Skinner without a rebound.
15:49 of 1st period - Logan Couture wins face-off versus Vladislav Namestnikov in Devils zone.
15:58 of 1st period - Slapshot by Gustav Forsling.
15:58 of 1st period - Deflect By Teuvo Teravainen.
15:58 of 1st period - Shot Blocked by Jakob Silfverberg.
15:58 of 1st period - Puck is out of play.
15:59 of 1st period - Erik Haula wins face-off versus Vladislav Namestnikov in Lightning zone.
16:08 of 1st period - Snap shot by Jesper Bratt.
16:08 of 1st period - Shot Misses the Net.
16:10 of 1st period - Slapshot by Gustav Forsling.
16:10 of 1st period - Stopped by Jack Campbell without a rebound.
16:11 of 1st period - Logan Couture wins face-off versus Vladislav Namestnikov in Lightning zone.
16:12 of 1st period - Wrist shot by Viktor Arvidsson.
16:12 of 1st period - Stopped by Jack Campbell with a rebound.
16:44 of 1st period - Slapshot by Tyler Motte.
16:44 of 1st period - Stopped by Stuart Skinner with a rebound.
16:46 of 1st period - Slapshot by Alex Goligoski.
16:46 of 1st period - Stopped by Stuart Skinner with a rebound.
16:50 of 1st period - Snap shot by Patric Hornqvist.
16:50 of 1st period - Shot Misses the Net.
17:12 of 1st period - Snap shot by Stefan Noesen.
17:12 of 1st period - Shot Misses the Net.
17:33 of 1st period - Jesper Bratt is hit by Stefan Noesen and loses puck.
17:46 of 1st period - Snap shot by Stefan Noesen.
17:46 of 1st period - Deflect By Garrett Pilon.
17:46 of 1st period - Shot Misses the Net.
17:46 of 1st period - Puck is out of play.
17:47 of 1st period - Vladislav Namestnikov wins face-off versus Logan Couture in Devils zone.
17:56 of 1st period - Slapshot by Vladislav Namestnikov.
17:56 of 1st period - Shot Misses the Net.
18:04 of 1st period - Vladislav Namestnikov is hit by Logan Couture.
18:18 of 1st period - Snap shot by Derek Grant.
18:18 of 1st period - Shot Misses the Net.
18:20 of 1st period - Wrist shot by Andrej Sustr.
18:20 of 1st period - Shot Misses the Net.
18:22 of 1st period - Slapshot by Michael Mersch.
18:22 of 1st period - Shot Misses the Net.
18:39 of 1st period - Wrist shot by Teuvo Teravainen.
18:39 of 1st period - Stopped by Jack Campbell with a rebound.
18:51 of 1st period - Minor Penalty to Connor Carrick for Tripping.
18:52 of 1st period - Roope Hintz wins face-off versus Vladislav Namestnikov in Lightning zone.
19:01 of 1st period - Snap shot by Roope Hintz.
19:01 of 1st period - Shot Blocked by Alex Goligoski.
19:07 of 1st period - Snap shot by Roope Hintz.
19:07 of 1st period - Goal by Roope Hintz - Devils : 1 - Lightning : 0.
19:08 of 1st period - Vladislav Namestnikov wins face-off versus Logan Couture in neutral zone.
19:11 of 1st period - Snap shot by Vladislav Namestnikov.
19:11 of 1st period - Stopped by Stuart Skinner without a rebound.
19:12 of 1st period - Vladislav Namestnikov wins face-off versus Logan Couture in Devils zone.
19:13 of 1st period - Snap shot by Jakob Silfverberg.
19:13 of 1st period - Stopped by Stuart Skinner with a rebound.
19:21 of 1st period - Snap shot by Logan Couture.
19:21 of 1st period - Stopped by Jack Campbell without a rebound.
19:22 of 1st period - Vladislav Namestnikov wins face-off versus Logan Couture in Lightning zone.
19:22 of 1st period - Vladislav Namestnikov is hit by Henri Jokiharju.
19:34 of 1st period - Nicolas Aube-Kubel is hit by Logan Couture and loses puck.
19:39 of 1st period - Snap shot by Logan Couture.
19:39 of 1st period - Shot Blocked by Vladislav Namestnikov.
19:49 of 1st period - Nicolas Aube-Kubel is hit by Eetu Luostarinen and loses puck.
Goals for this period are 1 for Devils vs 0 for Lightning.
Shots for this period are 8 for Devils vs 11 for Lightning.

2nd period


0:01 of 2nd period - Logan Couture wins face-off versus Vladislav Namestnikov in neutral zone.
0:04 of 2nd period - Alex Goligoski is hit by Logan Couture.
0:16 of 2nd period - Wrist shot by Teuvo Teravainen.
0:16 of 2nd period - Shot Misses the Net.
0:26 of 2nd period - Ryan Pulock is hit by Tyler Motte and loses puck.
0:31 of 2nd period - Snap shot by Tyler Motte.
0:31 of 2nd period - Stopped by Stuart Skinner with a rebound.
0:33 of 2nd period - Snap shot by Tyler Motte.
0:33 of 2nd period - Shot Misses the Net.
0:35 of 2nd period - Snap shot by Patric Hornqvist.
0:35 of 2nd period - Stopped by Stuart Skinner without a rebound.
0:36 of 2nd period - Derick Brassard wins face-off versus Morgan Frost in Devils zone.
0:39 of 2nd period - Snap shot by Derick Brassard.
0:39 of 2nd period - Stopped by Stuart Skinner with a rebound.
0:41 of 2nd period - Slapshot by Ben Harpur.
0:41 of 2nd period - Stopped by Stuart Skinner without a rebound.
0:42 of 2nd period - Morgan Frost wins face-off versus Derick Brassard in Devils zone.
0:42 of 2nd period - Morgan Frost is hit by Tyler Motte.
1:05 of 2nd period - Patric Hornqvist is hit by Morgan Frost and loses puck.
1:16 of 2nd period - Snap shot by Tyler Motte.
1:16 of 2nd period - Deflect By Patric Hornqvist.
1:16 of 2nd period - Stopped by Stuart Skinner without a rebound.
1:17 of 2nd period - Roope Hintz wins face-off versus Nicolas Aube-Kubel in Devils zone.
1:17 of 2nd period - Roope Hintz is hit by Nicolas Aube-Kubel.
1:29 of 2nd period - Snap shot by Nicolas Aube-Kubel.
1:29 of 2nd period - Shot Misses the Net.
1:31 of 2nd period - Wrist shot by Jakob Silfverberg.
1:31 of 2nd period - Shot Misses the Net.
1:33 of 2nd period - Slapshot by Jakob Silfverberg.
1:33 of 2nd period - Shot Blocked by Filip Chytil.
1:52 of 2nd period - Slapshot by Alex Goligoski.
1:52 of 2nd period - Shot Misses the Net.
2:33 of 2nd period - Ryan Pulock is hit by Patric Hornqvist and loses puck.
2:49 of 2nd period - Off-side.
2:50 of 2nd period - Vladislav Namestnikov wins face-off versus Eetu Luostarinen in neutral zone.
3:19 of 2nd period - Icing by Radim Simek.
3:20 of 2nd period - Vladislav Namestnikov wins face-off versus Morgan Frost in Lightning zone.
3:31 of 2nd period - Snap shot by Morgan Frost.
3:31 of 2nd period - Shot Blocked by Robert Hagg.
3:33 of 2nd period - Slapshot by Victor Hedman.
3:33 of 2nd period - Shot Blocked by Robert Hagg.
3:37 of 2nd period - Wrist shot by Morgan Frost.
3:37 of 2nd period - Stopped by Jack Campbell without a rebound.
3:38 of 2nd period - Roope Hintz wins face-off versus Derick Brassard in Lightning zone.
3:41 of 2nd period - Wrist shot by Filip Chytil.
3:41 of 2nd period - Deflect By Roope Hintz.
3:41 of 2nd period - Shot Blocked by Radim Simek.
3:41 of 2nd period - Puck is out of play.
3:42 of 2nd period - Tyler Seguin wins face-off versus Derick Brassard in Lightning zone.
3:52 of 2nd period - Minor Penalty to Derick Brassard for Elbowing.
3:53 of 2nd period - Logan Couture wins face-off versus Vladislav Namestnikov in Lightning zone.
4:35 of 2nd period - Wrist shot by Tyler Motte.
4:35 of 2nd period - Goal by Tyler Motte - Devils : 1 - Lightning : 1.
4:36 of 2nd period - Logan Couture wins face-off versus Vladislav Namestnikov in neutral zone.
4:49 of 2nd period - Vladislav Namestnikov is hit by Victor Hedman.
4:53 of 2nd period - Alex Goligoski is hit by Gustav Forsling and loses puck.
5:20 of 2nd period - Snap shot by Stefan Noesen.
5:20 of 2nd period - Shot Misses the Net.
5:52 of 2nd period - Penalty to Derick Brassard is over, Derick Brassard is back on ice.
6:00 of 2nd period - Teuvo Teravainen is hit by Darren Helm.
6:06 of 2nd period - Icing by Robert Hagg.
6:07 of 2nd period - Derek Grant wins face-off versus Morgan Frost in Lightning zone.
6:22 of 2nd period - Snap shot by Morgan Frost.
6:22 of 2nd period - Stopped by Jack Campbell without a rebound.
6:23 of 2nd period - Erik Haula wins face-off versus Vladislav Namestnikov in Lightning zone.
6:26 of 2nd period - Wrist shot by Jesper Bratt.
6:26 of 2nd period - Stopped by Jack Campbell with a rebound.
6:32 of 2nd period - Ben Harpur is hit by Erik Haula and loses puck.
6:39 of 2nd period - Wrist shot by Vladislav Namestnikov.
6:39 of 2nd period - Shot Misses the Net.
6:48 of 2nd period - Minor Penalty to Radim Simek for Tripping.
6:49 of 2nd period - Logan Couture wins face-off versus Vladislav Namestnikov in Lightning zone.
7:25 of 2nd period - Snap shot by Tyler Seguin.
7:25 of 2nd period - Shot Misses the Net.
8:48 of 2nd period - Penalty to Radim Simek is over, Radim Simek is back on ice.
8:53 of 2nd period - Backhand shot by Alex Goligoski.
8:53 of 2nd period - Shot Misses the Net.
9:03 of 2nd period - Snap shot by Isac Lundestrom.
9:03 of 2nd period - Stopped by Jack Campbell with a rebound.
9:17 of 2nd period - Erik Haula is hit by Ben Harpur and loses puck.
9:48 of 2nd period - Roope Hintz is hit by Nicolas Aube-Kubel and loses puck.
10:03 of 2nd period - Isac Lundestrom is hit by Stefan Noesen and loses puck.
10:16 of 2nd period - Minor Penalty to Connor Carrick for Hooking.
10:17 of 2nd period - Vladislav Namestnikov wins face-off versus Roope Hintz in Lightning zone.
10:45 of 2nd period - Wrist shot by Tyler Motte.
10:45 of 2nd period - Shot Blocked by Victor Hedman.
10:47 of 2nd period - Slapshot by Radim Simek.
10:47 of 2nd period - Stopped by Stuart Skinner with a rebound.
10:49 of 2nd period - Snap shot by Derick Brassard.
10:49 of 2nd period - Shot Misses the Net.
10:51 of 2nd period - Wrist shot by Ben Harpur.
10:51 of 2nd period - Stopped by Stuart Skinner without a rebound.
10:52 of 2nd period - Logan Couture wins face-off versus Vladislav Namestnikov in Devils zone.
11:53 of 2nd period - Radim Simek is hit by Filip Chytil and loses puck.
12:16 of 2nd period - Penalty to Connor Carrick is over, Connor Carrick is back on ice.
12:38 of 2nd period - Wrist shot by Vladislav Namestnikov.
12:38 of 2nd period - Stopped by Stuart Skinner with a rebound.
13:15 of 2nd period - Viktor Arvidsson is hit by Garrett Pilon.
13:44 of 2nd period - Icing by Victor Hedman.
13:45 of 2nd period - Derek Grant wins face-off versus Roope Hintz in Devils zone.
13:52 of 2nd period - Backhand shot by Derek Grant.
13:52 of 2nd period - Stopped by Stuart Skinner with a rebound.
13:54 of 2nd period - Slapshot by Radim Simek.
13:54 of 2nd period - Deflect By Derek Grant.
13:54 of 2nd period - Stopped by Stuart Skinner with a rebound.
13:56 of 2nd period - Wrist shot by Derek Grant.
13:56 of 2nd period - Shot Misses the Net.
13:58 of 2nd period - Wrist shot by Derek Grant.
13:58 of 2nd period - Shot Misses the Net.
14:36 of 2nd period - Slapshot by Radim Simek.
14:36 of 2nd period - Stopped by Stuart Skinner without a rebound.
14:37 of 2nd period - Erik Haula wins face-off versus Garrett Pilon in Devils zone.
14:42 of 2nd period - Garrett Pilon is hit by Erik Haula and loses puck.
15:03 of 2nd period - Viktor Arvidsson is hit by Jakob Silfverberg and loses puck.
15:37 of 2nd period - Icing by Connor Carrick.
15:38 of 2nd period - Derick Brassard wins face-off versus Erik Haula in Lightning zone.
15:49 of 2nd period - Slapshot by Nicolas Aube-Kubel.
15:49 of 2nd period - Stopped by Stuart Skinner without a rebound.
15:50 of 2nd period - Jakob Silfverberg wins face-off versus Logan Couture in Devils zone.
15:57 of 2nd period - Snap shot by Jakob Silfverberg.
15:57 of 2nd period - Deflect By Nicolas Aube-Kubel.
15:57 of 2nd period - Shot Misses the Net.
15:57 of 2nd period - Puck is out of play.
15:58 of 2nd period - Logan Couture wins face-off versus Vladislav Namestnikov in Devils zone.
16:19 of 2nd period - Wrist shot by Logan Couture.
16:19 of 2nd period - Shot Hit the Post.
16:21 of 2nd period - Slapshot by Ryan Pulock.
16:21 of 2nd period - Stopped by Jack Campbell with a rebound.
16:23 of 2nd period - Snap shot by Viktor Arvidsson.
16:23 of 2nd period - Shot Misses the Net.
16:25 of 2nd period - Snap shot by Teuvo Teravainen.
16:25 of 2nd period - Stopped by Jack Campbell with a rebound.
16:29 of 2nd period - Slapshot by Viktor Arvidsson.
16:29 of 2nd period - Stopped by Jack Campbell without a rebound.
16:30 of 2nd period - Tyler Seguin wins face-off versus Tyler Motte in Lightning zone.
16:33 of 2nd period - Slapshot by Gustav Forsling.
16:33 of 2nd period - Shot Blocked by Radim Simek.
16:35 of 2nd period - Slapshot by Gustav Forsling.
16:35 of 2nd period - Stopped by Jack Campbell with a rebound.
16:37 of 2nd period - Wrist shot by Roope Hintz.
16:37 of 2nd period - Goal by Roope Hintz - Devils : 2 - Lightning : 1.
16:38 of 2nd period - Logan Couture wins face-off versus Vladislav Namestnikov in neutral zone.
16:43 of 2nd period - Slapshot by Logan Couture.
16:43 of 2nd period - Shot Blocked by Robert Hagg.
16:45 of 2nd period - Backhand shot by Teuvo Teravainen.
16:45 of 2nd period - Stopped by Jack Campbell without a rebound.
16:46 of 2nd period - Logan Couture wins face-off versus Vladislav Namestnikov in Lightning zone.
17:20 of 2nd period - Minor Penalty to Nicolas Aube-Kubel for Boarding.
17:21 of 2nd period - Vladislav Namestnikov wins face-off versus Filip Chytil in Lightning zone.
19:04 of 2nd period - Jesper Bratt is hit by Derek Grant and loses puck.
19:11 of 2nd period - Wrist shot by Stefan Noesen.
19:11 of 2nd period - Shot Blocked by Viktor Arvidsson.
19:20 of 2nd period - Penalty to Nicolas Aube-Kubel is over, Nicolas Aube-Kubel is back on ice.
Goals for this period are 1 for Devils vs 1 for Lightning.
Shots for this period are 10 for Devils vs 13 for Lightning.

3rd period


0:01 of 3rd period - Roope Hintz wins face-off versus Vladislav Namestnikov in neutral zone.
0:26 of 3rd period - Alex Goligoski is hit by Logan Couture and loses puck.
0:46 of 3rd period - Off-side.
0:47 of 3rd period - Erik Haula wins face-off versus Garrett Pilon in neutral zone.
0:55 of 3rd period - Wrist shot by Jesper Bratt.
0:55 of 3rd period - Stopped by Jack Campbell without a rebound.
0:56 of 3rd period - Vladislav Namestnikov wins face-off versus Roope Hintz in Lightning zone.
1:45 of 3rd period - Off-side.
1:46 of 3rd period - Morgan Frost wins face-off versus Garrett Pilon in neutral zone.
1:57 of 3rd period - Wrist shot by Morgan Frost.
1:57 of 3rd period - Stopped by Jack Campbell with a rebound.
2:17 of 3rd period - Off-side.
2:18 of 3rd period - Roope Hintz wins face-off versus Vladislav Namestnikov in neutral zone.
3:48 of 3rd period - Off-side.
3:49 of 3rd period - Filip Chytil wins face-off versus Vladislav Namestnikov in neutral zone.
3:49 of 3rd period - Filip Chytil is hit by Jakob Silfverberg.
3:55 of 3rd period - Wrist shot by Roope Hintz.
3:55 of 3rd period - Deflect By Tyler Seguin.
3:55 of 3rd period - Stopped by Jack Campbell without a rebound.
3:56 of 3rd period - Logan Couture wins face-off versus Vladislav Namestnikov in Lightning zone.
4:19 of 3rd period - Minor Penalty to Nicolas Aube-Kubel for Roughing.
4:20 of 3rd period - Vladislav Namestnikov wins face-off versus Logan Couture in Lightning zone.
4:29 of 3rd period - Backhand shot by Victor Hedman.
4:29 of 3rd period - Deflect By Jesper Bratt.
4:29 of 3rd period - Shot Blocked by Robert Hagg.
4:29 of 3rd period - Puck is out of play.
4:30 of 3rd period - Logan Couture wins face-off versus Vladislav Namestnikov in Lightning zone.
4:33 of 3rd period - Snap shot by Viktor Arvidsson.
4:33 of 3rd period - Shot Misses the Net.
4:35 of 3rd period - Slapshot by Jesper Bratt.
4:35 of 3rd period - Shot Misses the Net.
4:37 of 3rd period - Slapshot by Torey Krug.
4:37 of 3rd period - Goal by Torey Krug - Devils : 3 - Lightning : 1.
4:38 of 3rd period - Vladislav Namestnikov wins face-off versus Erik Haula in neutral zone.
4:45 of 3rd period - Snap shot by Nicolas Aube-Kubel.
4:45 of 3rd period - Shot Blocked by Ryan Pulock.
4:47 of 3rd period - Slapshot by Robert Hagg.
4:47 of 3rd period - Stopped by Stuart Skinner without a rebound.
4:48 of 3rd period - Erik Haula wins face-off versus Vladislav Namestnikov in Devils zone.
5:24 of 3rd period - Wrist shot by Jesper Bratt.
5:24 of 3rd period - Shot Misses the Net.
5:30 of 3rd period - Wrist shot by Jesper Bratt.
5:30 of 3rd period - Deflect By Erik Haula.
5:30 of 3rd period - Shot Blocked by Robert Hagg.
5:30 of 3rd period - Puck is out of play.
5:31 of 3rd period - Derick Brassard wins face-off versus Logan Couture in Lightning zone.
5:39 of 3rd period - Off-side.
5:40 of 3rd period - Derick Brassard wins face-off versus Logan Couture in neutral zone.
5:53 of 3rd period - Slapshot by Teuvo Teravainen.
5:53 of 3rd period - Stopped by Jack Campbell with a rebound.
5:55 of 3rd period - Slapshot by Viktor Arvidsson.
5:55 of 3rd period - Shot Blocked by Andrej Sustr.
5:57 of 3rd period - Slapshot by Gustav Forsling.
5:57 of 3rd period - Stopped by Jack Campbell without a rebound.
5:58 of 3rd period - Vladislav Namestnikov wins face-off versus Roope Hintz in Lightning zone.
6:03 of 3rd period - Wrist shot by Tyler Seguin.
6:03 of 3rd period - Shot Misses the Net.
6:05 of 3rd period - Snap shot by Roope Hintz.
6:05 of 3rd period - Deflect By Jakob Silfverberg.
6:05 of 3rd period - Shot Misses the Net.
6:05 of 3rd period - Puck is out of play.
6:06 of 3rd period - Roope Hintz wins face-off versus Vladislav Namestnikov in Lightning zone.
6:09 of 3rd period - Wrist shot by Tyler Seguin.
6:09 of 3rd period - Deflect By Roope Hintz.
6:09 of 3rd period - Shot Misses the Net.
6:09 of 3rd period - Puck is out of play.
6:10 of 3rd period - Tyler Seguin wins face-off versus Derick Brassard in Lightning zone.
6:11 of 3rd period - Wrist shot by Roope Hintz.
6:11 of 3rd period - Stopped by Jack Campbell without a rebound.
6:12 of 3rd period - Roope Hintz wins face-off versus Derick Brassard in Lightning zone.
7:09 of 3rd period - Snap shot by Vladislav Namestnikov.
7:09 of 3rd period - Stopped by Stuart Skinner without a rebound.
7:10 of 3rd period - Vladislav Namestnikov wins face-off versus Roope Hintz in Devils zone.
7:11 of 3rd period - Wrist shot by Jakob Silfverberg.
7:11 of 3rd period - Stopped by Stuart Skinner without a rebound.
7:12 of 3rd period - Vladislav Namestnikov wins face-off versus Roope Hintz in Devils zone.
7:19 of 3rd period - Slapshot by Ryan Pulock.
7:19 of 3rd period - Shot Misses the Net.
7:21 of 3rd period - Slapshot by Ryan Pulock.
7:21 of 3rd period - Shot Misses the Net.
7:23 of 3rd period - Slapshot by Tyler Seguin.
7:23 of 3rd period - Stopped by Jack Campbell with a rebound.
7:25 of 3rd period - Snap shot by Ryan Pulock.
7:25 of 3rd period - Stopped by Jack Campbell with a rebound.
7:27 of 3rd period - Snap shot by Tyler Seguin.
7:27 of 3rd period - Shot Blocked by Nicolas Aube-Kubel.
7:40 of 3rd period - Off-side.
7:41 of 3rd period - Logan Couture wins face-off versus Garrett Pilon in neutral zone.
8:22 of 3rd period - Minor Penalty to Derick Brassard for Hooking.
8:23 of 3rd period - Roope Hintz wins face-off versus Vladislav Namestnikov in Lightning zone.
9:00 of 3rd period - Wrist shot by Logan Couture.
9:00 of 3rd period - Stopped by Jack Campbell without a rebound.
9:01 of 3rd period - Stefan Noesen wins face-off versus Roope Hintz in Lightning zone.
9:58 of 3rd period - Slapshot by Victor Hedman.
9:58 of 3rd period - Shot Misses the Net.
10:00 of 3rd period - Slapshot by Logan Couture.
10:00 of 3rd period - Stopped by Jack Campbell with a rebound.
10:02 of 3rd period - Slapshot by Gustav Forsling.
10:02 of 3rd period - Stopped by Jack Campbell with a rebound.
10:04 of 3rd period - Slapshot by Victor Hedman.
10:04 of 3rd period - Stopped by Jack Campbell with a rebound.
10:22 of 3rd period - Penalty to Derick Brassard is over, Derick Brassard is back on ice.
10:30 of 3rd period - Snap shot by Jesper Bratt.
10:30 of 3rd period - Shot Misses the Net.
11:17 of 3rd period - Snap shot by Jesper Bratt.
11:17 of 3rd period - Stopped by Jack Campbell without a rebound.
11:18 of 3rd period - Vladislav Namestnikov wins face-off versus Roope Hintz in Lightning zone.
12:06 of 3rd period - Torey Krug is hit by Nicolas Aube-Kubel and loses puck.
12:36 of 3rd period - Johnathan Kovacevic is hit by Liam Foudy and loses puck.
12:41 of 3rd period - Wrist shot by Liam Foudy.
12:41 of 3rd period - Shot Blocked by Torey Krug.
12:43 of 3rd period - Snap shot by Garrett Pilon.
12:43 of 3rd period - Stopped by Stuart Skinner with a rebound.
14:06 of 3rd period - Henri Jokiharju is hit by Michael Mersch.
14:07 of 3rd period - Icing by Henri Jokiharju.
14:08 of 3rd period - Viktor Arvidsson wins face-off versus Derek Grant in Devils zone.
14:21 of 3rd period - Icing by Ryan Pulock.
14:22 of 3rd period - Morgan Frost wins face-off versus Vladislav Namestnikov in Devils zone.
14:31 of 3rd period - Wrist shot by Morgan Frost.
14:31 of 3rd period - Stopped by Jack Campbell with a rebound.
14:56 of 3rd period - Snap shot by Tyler Motte.
14:56 of 3rd period - Shot Misses the Net.
14:58 of 3rd period - Slapshot by Robert Hagg.
14:58 of 3rd period - Stopped by Stuart Skinner without a rebound.
14:59 of 3rd period - Erik Haula wins face-off versus Derick Brassard in Devils zone.
15:10 of 3rd period - Slapshot by Alex Goligoski.
15:10 of 3rd period - Stopped by Stuart Skinner with a rebound.
15:12 of 3rd period - Wrist shot by Tyler Motte.
15:12 of 3rd period - Shot Hit the Post.
15:26 of 3rd period - Liam Foudy is hit by Teuvo Teravainen and loses puck.
15:49 of 3rd period - Slapshot by Jakob Silfverberg.
15:49 of 3rd period - Shot Blocked by Torey Krug.
16:53 of 3rd period - Off-side.
16:54 of 3rd period - Roope Hintz wins face-off versus Garrett Pilon in neutral zone.
16:59 of 3rd period - Slapshot by Victor Hedman.
16:59 of 3rd period - Shot Blocked by Garrett Pilon.
17:32 of 3rd period - Wrist shot by Stefan Noesen.
17:32 of 3rd period - Deflect By Liam Foudy.
17:32 of 3rd period - Shot Misses the Net.
17:32 of 3rd period - Puck is out of play.
17:33 of 3rd period - Erik Haula wins face-off versus Vladislav Namestnikov in Devils zone.
17:41 of 3rd period - Off-side.
17:42 of 3rd period - Jesper Bratt wins face-off versus Vladislav Namestnikov in neutral zone.
17:47 of 3rd period - Snap shot by Eetu Luostarinen.
17:47 of 3rd period - Shot Misses the Net.
18:11 of 3rd period - Snap shot by Jakob Silfverberg.
18:11 of 3rd period - Goal by Jakob Silfverberg - Devils : 3 - Lightning : 2.
18:12 of 3rd period - Liam Foudy wins face-off versus Erik Haula in neutral zone.
18:15 of 3rd period - Wrist shot by Alex Goligoski.
18:15 of 3rd period - Shot Misses the Net.
18:21 of 3rd period - Wrist shot by Stefan Noesen.
18:21 of 3rd period - Shot Blocked by Jesper Bratt.
18:23 of 3rd period - Snap shot by Stefan Noesen.
18:23 of 3rd period - Deflect By Liam Foudy.
18:23 of 3rd period - Shot Blocked by Ryan Pulock.
18:23 of 3rd period - Puck is out of play.
18:24 of 3rd period - Erik Haula wins face-off versus Garrett Pilon in Devils zone.
18:29 of 3rd period - Liam Foudy is hit by Erik Haula and loses puck.
18:50 of 3rd period - Nicolas Aube-Kubel is hit by Ryan Pulock and loses puck.
19:15 of 3rd period - Lightning, Jack Campbell is pulled from the net.
19:15 of 3rd period - Snap shot by Alex Goligoski.
19:15 of 3rd period - Deflect By Nicolas Aube-Kubel.
19:15 of 3rd period - Shot Blocked by Johnathan Kovacevic.
19:15 of 3rd period - Puck is out of play.
19:16 of 3rd period - Jacques Martin call a timeout for Lightning.
19:16 of 3rd period - Erik Haula wins face-off versus Vladislav Namestnikov in Devils zone.
19:16 of 3rd period - Erik Haula is hit by Nicolas Aube-Kubel.
19:22 of 3rd period - Wrist shot by Eetu Luostarinen.
19:22 of 3rd period - Goal by Eetu Luostarinen - Devils : 4 - Lightning : 2.
19:22 of 3rd period - Jack Campbell from Lightning was sent back in the game.
19:23 of 3rd period - Garrett Pilon wins face-off versus Erik Haula in neutral zone.
19:52 of 3rd period - Victor Hedman is hit by Tyler Motte and loses puck.
Goals for this period are 2 for Devils vs 1 for Lightning.
Shots for this period are 16 for Devils vs 7 for Lightning.